 Dungeon Crawl Stone Soup version 0.22-a0-346-ga714374 (webtiles) character file.

485 xccam the Skirmisher (level 7, -6/59 HPs)
             Began as a Gnoll Wanderer on Apr 6, 2018.
             Was a Follower of Uskayaw.
             Mangled by an ogre
             ... wielding a +0 giant club
              (16 damage)
             ... on level 4 of the Dungeon.
             The game lasted 00:08:09 (2724 turns).

xccam the Skirmisher (Gnoll Wanderer)               Turns: 2724, Time: 00:08:10

Health: -6/59      AC: 17    Str: 15 (17) XL:     7   Next: 13%
Magic:  8/10       EV: 11    Int: 10 (13) God:    Uskayaw [*.....]
Gold:   231        SH:  4    Dex: 13 (15) Spells: 10/10 levels left

rFire    . . .     SeeInvis .   x - +0 mace (protect)
rCold    . . .     Gourm    .   i - +0 buckler
rNeg     . . .     Faith    .   o - +0 ring mail
rPois    .         Spirit   .   n - +0 helmet (curse)
rElec    .         Reflect  .   w - +0 cloak
rCorr    .         Harm     .   (no gloves)
MR       .....                  (no boots)
Stlth    +++.......             (no amulet)
HPRegen  0.19/turn              g - +3 ring of protection
MPRegen  0.12/turn              (no ring)

@: protection aura
A: distributed training, fangs 1, strong nose
a: Stomp, Renounce Religion


You were on level 4 of the Dungeon.
You worshipped Uskayaw.
Uskayaw was noncommittal.
You were not hungry.

You visited 1 branch of the dungeon, and saw 4 of its levels.

You collected 231 gold pieces.

Inventory:

Hand Weapons
 a - a +2 short sword
 b - a +0 falchion
 x - a +0 mace of protection (weapon)
Armour
 i - a +0 buckler (worn)
 m - a +0 shield
 n - a cursed +0 helmet (worn)
 o - a +0 ring mail (worn)
 w - a +0 cloak (worn)
Jewellery
 g - a +3 ring of protection (left hand)
 p - a cursed ring of loudness {unknown}
Wands
 q - a wand of digging (18)
Scrolls
 e - 5 scrolls of identify {unknown}
 h - a scroll of enchant armour {unknown}
 j - a scroll of fog {unknown}
 k - 2 scrolls of remove curse {unknown}
 r - 2 scrolls of magic mapping {unknown}
 s - 2 scrolls of enchant weapon {unknown}
 u - a scroll of teleportation {unknown}
Potions
 c - a potion of cancellation {unknown}
 l - a potion of resistance {unknown}
 t - a potion of berserk rage
 v - a potion of invisibility {unknown}
Comestibles
 f - 9 rations
 z - 3 chunks of flesh


   Skills:
 + Level 6.9 Fighting
 + Level 5.1 Short Blades
 + Level 2.2 Long Blades
 + Level 2.2 Axes
 + Level 2.2 Maces & Flails
 + Level 2.2 Polearms
 + Level 2.2 Staves
 + Level 2.2 Slings
 + Level 2.2 Bows
 + Level 2.2 Crossbows
 + Level 3.4 Throwing
 + Level 2.2 Armour
 + Level 3.4 Dodging
 + Level 6.4 Stealth
 + Level 2.2 Shields
 + Level 2.2 Unarmed Combat
 + Level 2.2 Spellcasting
 + Level 1.8 Conjurations
 + Level 1.8 Hexes
 + Level 1.8 Charms
 + Level 1.8 Summonings
 + Level 1.8 Necromancy
 + Level 1.8 Translocations
 + Level 1.8 Transmutations
 + Level 1.8 Fire Magic
 + Level 1.8 Ice Magic
 + Level 1.8 Air Magic
 + Level 1.8 Earth Magic
 + Level 1.8 Poison Magic
 + Level 2.5 Invocations
 + Level 2.2 Evocations


You had 10 spell levels left.
You didn't know any spells.

Dungeon Overview and Level Annotations

Branches:
Dungeon (4/15)
 Temple: D:4-7

Altars:
Fedhas
Hepliaklqana
Ru
Uskayaw
Yredelemnul


Innate Abilities, Weirdness & Mutations

Your experience applies equally to all skills.
You have very sharp teeth.
Your uncanny sense of smell can sniff out nearby items.


Message History

Unknown command.
You hit the ogre.
Your weapon exudes an aura of protection.
The ogre is heavily wounded.
You block the ogre's attack. The ogre barely misses you.
Unknown command.
The orc shouts!
You sock the ogre!
The ogre is severely wounded.
The ogre hits you with a giant club!
* * * LOW HITPOINT WARNING * * *
Unknown command.
You hit the ogre. Your bite misses the ogre.
The ogre is almost dead.
The ogre closely misses you. x2
Unknown command.
You hit the ogre but do no damage.
The ogre is almost dead.
The ogre hits you but does no damage. The ogre hits you with a giant club!
You die...

#.....# ###....####.
......## ##........
.......## ##........#
###.......#####........(#
##..#.................#
.####................
##...............
#..!............
#.....O@........
#.....oO....!..
#...............
#...............$
..h..o...........
....."###...(.... ....#
##..###.. .o. ... ..


You could see 2 ogres, a hound (wandering), an orc wizard (wandering) and 2
orcs.

Vanquished Creatures
  The ghost of grindst0ne the Covered, an amateur DDFi (D:3)
  A phantom (D:2)
  2 centaurs
  Crazy Yiuf (D:3)
  Jessica (D:3)
  3 gnolls (D:2)
  An adder (D:2)
  An adder skeleton (D:4)
  2 dart slugs (D:1)
  A leopard gecko (D:2)
  A ball python (D:3)
  8 bats
  7 giant cockroaches
  12 goblins
  4 hobgoblins
  3 frilled lizards (D:1)
  9 kobolds
  10 rats
68 creatures vanquished.

Notes
Turn   | Place    | Note
-------+----------+-------------------------------------------
     0 | D:1      | xccam the Gnoll Wanderer began the quest for the Orb.
     0 | D:1      | xccam set off with: a +2 short sword, a +0 falchion, a potion of lignification, a +0 robe, a +0 dagger, a ration
     0 | D:1      | Reached XP level 1. HP: 23/23 MP: 1/1
    72 | D:1      | Reached XP level 2. HP: 29/29 MP: 2/2
   734 | D:1      | Reached XP level 3. HP: 33/35 MP: 3/3
  1139 | D:2      | Found a sacrificial altar of Ru.
  1141 | D:2      | Reached skill level 1 in Invocations
  1253 | D:2      | Reached skill level 1 in Long Blades
  1253 | D:2      | Reached skill level 1 in Axes
  1253 | D:2      | Reached skill level 1 in Maces & Flails
  1253 | D:2      | Reached skill level 1 in Polearms
  1253 | D:2      | Reached skill level 1 in Staves
  1253 | D:2      | Reached skill level 1 in Slings
  1253 | D:2      | Reached skill level 1 in Bows
  1253 | D:2      | Reached skill level 1 in Crossbows
  1253 | D:2      | Reached skill level 1 in Armour
  1253 | D:2      | Reached skill level 1 in Shields
  1253 | D:2      | Reached skill level 1 in Unarmed Combat
  1253 | D:2      | Reached skill level 1 in Spellcasting
  1253 | D:2      | Reached skill level 1 in Evocations
  1263 | D:2      | Noticed a phantom
  1335 | D:2      | Killed a phantom
  1335 | D:2      | Reached skill level 1 in Conjurations
  1335 | D:2      | Reached skill level 1 in Hexes
  1335 | D:2      | Reached skill level 1 in Charms
  1335 | D:2      | Reached skill level 1 in Summonings
  1335 | D:2      | Reached skill level 1 in Necromancy
  1335 | D:2      | Reached skill level 1 in Translocations
  1335 | D:2      | Reached skill level 1 in Transmutations
  1335 | D:2      | Reached skill level 1 in Fire Magic
  1335 | D:2      | Reached skill level 1 in Ice Magic
  1335 | D:2      | Reached skill level 1 in Air Magic
  1335 | D:2      | Reached skill level 1 in Earth Magic
  1335 | D:2      | Reached skill level 1 in Poison Magic
  1335 | D:2      | Reached XP level 4. HP: 26/41 MP: 4/6
  1335 | D:2      | Reached XP level 5. HP: 29/47 MP: 4/7
  1475 | D:2      | Noticed a centaur
  1484 | D:2      | Killed a centaur
  1484 | D:2      | Reached XP level 6. HP: 33/53 MP: 8/8
  1724 | D:2      | Found a faded altar of an unknown god.
  1729 | D:2      | Became a worshipper of Uskayaw the Reveler
  1729 | D:2      | Reached * piety under Uskayaw
  1816 | D:3      | Noticed Jessica
  1822 | D:3      | Killed Jessica
  1857 | D:3      | Found a hazy altar of Hepliaklqana.
  1857 | D:3      | Noticed grindst0ne's ghost (amateur DDFi)
  1871 | D:3      | Reached ** piety under Uskayaw
  1875 | D:3      | Reached skill level 5 in Short Blades
  1886 | D:3      | Reached *** piety under Uskayaw
  1887 | D:3      | Killed grindst0ne's ghost
  1887 | D:3      | Reached XP level 7. HP: 23/59 MP: 10/10
  2040 | D:3      | Found a blossoming altar of Fedhas.
  2323 | D:3      | Found a basalt altar of Yredelemnul.
  2437 | D:3      | Found a runed door.
  2441 | D:3      | Noticed Crazy Yiuf
  2458 | D:3      | Killed Crazy Yiuf
  2724 | D:4      | Mangled by an ogre

Vault maps used:
D:1:      dpeg_arrival_arbitrary_a
D:2:      nicolae_ru_great_annihilating_truth, chequers_ecumenical_altar_lobes,
          first_ration
D:3:      lemuel_round_altar, lemuel_doored_altar, fedhas_altar_3, uniq_jessica,
          uniq_crazy_yiuf_cottage
D:4:      uniq_menkaure

Skill      XL: |  1  2  3  4  5  6 |
---------------+-------------------+-----
Stealth        | 6 |  6.4
Invocations    | 1 2 |  2.5
Long Blades    | 1 2 |  2.2
Axes           | 1 2 |  2.2
Maces & Flails | 1 2 |  2.2
Polearms       | 1 2 |  2.2
Staves         | 1 2 |  2.2
Slings         | 1 2 |  2.2
Bows           | 1 2 |  2.2
Crossbows      | 1 2 |  2.2
Armour         | 1 2 |  2.2
Shields        | 1 2 |  2.2
Unarmed Combat | 1 2 |  2.2
Spellcasting   | 1 2 |  2.2
Evocations     | 1 2 |  2.2
Conjurations   | 1 |  1.8
Hexes          | 1 |  1.8
Charms         | 1 |  1.8
Summonings     | 1 |  1.8
Necromancy     | 1 |  1.8
Translocations | 1 |  1.8
Transmutations | 1 |  1.8
Fire Magic     | 1 |  1.8
Ice Magic      | 1 |  1.8
Air Magic      | 1 |  1.8
Earth Magic    | 1 |  1.8
Poison Magic   | 1 |  1.8
Throwing       | 3 |  3.4
Dodging        | 3 |  3.4
Short Blades   | 5 |  5.1
Fighting       | |  6.9

Action                   |  1- 3 |  4- 6 |  7- 9 || total
-------------------------+-------+-------+-------++-------
Melee: Short sword       |   155 |    62 |     9 ||   226
       Bite              |    10 |     3 |     1 ||    14
       Punch             |       |     1 |     1 ||     2
       Mace              |       |       |    14 ||    14
Invok: Stomp             |       |       |     1 ||     1
  Use: Potion            |     1 |     4 |       ||     5
 Stab: Sleeping          |    15 |     2 |     2 ||    19
       Paralysed         |       |     1 |       ||     1
       Invisible         |       |       |     2 ||     2
  Eat: Chunk             |     1 |     2 |     3 ||     6
Armor: Robe              |    27 |     4 |       ||    31
       Skin              |     7 |    15 |       ||    22
       Ring mail         |       |       |     3 ||     3
Dodge: Dodged            |    68 |    36 |    14 ||   118
Block: Buckler           |       |       |     1 ||     1

Table legend:
 A = Spawn XP
 B = Non-spawn XP
 C = Spawn XP percentage of total XP
 D = Spawn monster count
 E = Non-spawn monster count
 F = Spawn count percentage of total count
 G = Total turns spent on level
                    A         B        C        D         E        F      G
               +---------+---------+-------+---------+---------+-------+---------
         Total |       0 |     693 |   0.0 |       0 |      68 |   0.0 |  2724
               +---------+---------+-------+---------+---------+-------+---------
           D:1 |       0 |      47 |   0.0 |       0 |      30 |   0.0 |  1071
           D:2 |       0 |     325 |   0.0 |       0 |      28 |   0.0 |   745
           D:3 |       0 |     316 |   0.0 |       0 |       9 |   0.0 |   817
           D:4 |       0 |       5 |   0.0 |       0 |       1 |   0.0 |    91
               +---------+---------+-------+---------+---------+-------+---------
